 Dungeon Crawl Stone Soup version 0.17-a0-1923-gc35365e (console) character file.

9250 nht the Sharpshooter (level 11, -6/85 HPs)
             Began as a Minotaur Hunter on Sept 28, 2015.
             Was an Elder of Okawaru.
             Mangled by a skeletal warrior
             ... wielding a +0 dire flail
              (20 damage)
             ... on level 10 of the Dungeon.
             The game lasted 00:27:47 (11117 turns).

nht the Sharpshooter (Minotaur Hunter)             Turns: 11117, Time: 00:27:48

Health: -6/85      AC: 13    Str: 20    XL:     11   Next: 20%
Magic:  10/10      EV:  7    Int:  8    God:    Okawaru [****..]
Gold:   401        SH:  0    Dex: 11    Spells: 0 memorised, 10 levels left

rFire  . . .     SeeInvis .     a - +2 demon whip (elec)
rCold  . . .     Clarity  .     r - +2 plate armour {rPois}
rNeg   + . .     SustAt   .     (no shield)
rPois  +         Gourm    .     (helmet restricted)
rElec  .         Spirit   .     (no cloak)
rCorr  .         Warding  +     (no gloves)
rMut   .         Rnd*Tele +     (no boots)
MR     +....                    A - amulet of warding
Stlth  ..........               I - ring of teleportation
                                z - ring of protection from magic

@: somewhat resistant to hostile enchantments, extremely unstealthy
A: retaliatory headbutt, horns 2
a: Heroism, Renounce Religion, Evoke Teleportation


You were on level 10 of the Dungeon.
You worshipped Okawaru.
Okawaru was greatly pleased with you.
You were not hungry.

You visited 2 branches of the dungeon, and saw 13 of its levels.
You also visited: Labyrinth.

You collected 401 gold pieces.

Inventory:

Hand weapons
 a - a +2 demon whip of electrocution (weapon)
 b - a +2 hand crossbow
Missiles
 g - 14 bolts of frost
 p - 2 bolts of penetration
 G - 32 bolts
Armour
 r - a +2 plate armour of poison resistance (worn)
 y - a +0 ring mail of cold resistance
Magical staves
 O - an uncursed staff of wizardry
Rods
 x - a +6 rod of the swarm (13/13)
   (You found it in a labyrinth)
Jewellery
 o - an uncursed amulet of resist mutation
 t - an uncursed ring of poison resistance
 w - an uncursed ring of protection from fire
 z - a ring of protection from magic (left hand)
 A - an amulet of warding (around neck)
 I - a ring of teleportation (right hand)
Magical devices
 u - a wand of fireball (2)
 J - a wand of paralysis (12)
 K - a wand of flame (40)
Scrolls
 h - a scroll of noise
 s - 4 scrolls of remove curse
 v - 6 scrolls of identify
 C - a scroll of fog
 D - 2 scrolls of amnesia
 M - a scroll of vulnerability
Potions
 c - a potion of cure mutation
 m - a potion of flight
Miscellaneous
 N - a lamp of fire
Comestibles
 e - 7 bread rations
 j - 7 meat rations
 k - a royal jelly
 F - 4 fruits


   Skills:
 - Level 4.8 Fighting
 + Level 6.1 Maces & Flails
 - Level 16.4 Crossbows
 - Level 4.1 Armour
 - Level 4.1 Dodging
 - Level 0.7 Stealth


You had 10 spell levels left.
You didn't know any spells.

Dungeon Overview and Level Annotations

Branches:
Dungeon (12/15)            Temple (1/1) D:4             Orc (0/4) D:9
   Lair: D:8-11

Altars:
Elyvilon
Kikubaaqudgha
Makhleb
Nemelex Xobeh
Okawaru
Qazlal
Ru
Sif Muna
Trog
Vehumet
Xom
Yredelemnul
Zin
The Shining One

Shops:
D:7 ((?

Annotations:
D:9 1 exclusion
D:10 Harold


Innate Abilities, Weirdness & Mutations

You reflexively headbutt those who attack you in melee.
You have a pair of horns on your head.


Message History

You feel slightly jumpy.
I - a ring of teleportation (right hand) Use which ability?
Okay, then.
Use which ability?
You fail to use your ability.
Use which ability?
You fail to use your ability.
A skeletal warrior comes into view. It is wielding a hand axe.
Use which ability?
You fail to use your ability.
Read which item? (? for menu, Esc to quit)
As you read the scroll of fear, it crumbles to dust.
You assume a fearsome visage.
The skeletal warrior is unaffected.
The skeletal warrior is unaffected. x2
The skeletal warrior barely misses you.
Use which ability?
You fail to use your ability.
The skeletal warrior hits you with a dire flail!!
You die...

,,,,,,,,,,,...........██████████
,,,,,,,,,,,.█████...█..,,*
********,,,,* █...█.██,* *,,,,*
██..█.█*,******* *,,,,*
*█.█.█*,,,,,,,* *,,,,*
█.█.█***,█,**** *,,,,*
█.█.████.*,,,,* *,,,,*
*...█...,****,* *,,,,*
*█..█.█*,**,,,* *,,,,*
█████....█*,**,*,* ******
█@z...z.█**,**,*,* █.z...>.█
*,,,,*** █.......█ ******
█.......█ █.......█ █......$█


█████████ You could see 3 skeletal warriors.

Vanquished Creatures
  A minotaur (Lab)
  Pikel (D:4)
  The ghost of PeterLawrence the Basher, an experienced MiFi of Okawaru (D:7)
  A manticore (D:11)
  A komodo dragon (D:11)
  A hornet zombie (D:11)
  Sigmund (D:3)
  2 wraiths (D:9)
  2 basilisks (D:11)
  Eustachio (D:4)
  A hippogriff (D:9)
  A steam dragon (D:11)
  Menkaure (D:4)
  A water moccasin (D:4)
  Duvessa (D:7)
  2 porcupines (D:11)
  3 sky beasts
  3 black bears
  2 ice beasts
  A slave (D:4)
  4 ogres
  2 phantoms
  3 centaurs
  2 big kobolds (D:9)
  3 giant frogs
  Dowan (D:7)
  2 scorpions
  A water moccasin skeleton (D:7)
  15 wights
  21 killer bees
  8 hounds
  3 crimson imps
  3 iguanas
  A centaur zombie (D:8)
  2 jellies
  2 quasits
  A giant frog zombie (D:5)
  2 giant frog skeletons
  5 orc wizards
  6 orc priests
  12 worker ants
  A hound zombie (D:6)
  A hound skeleton (D:4)
  11 adders
  4 gnolls (D:7)
  2 river rats (D:11)
  3 oozes
  An adder skeleton (D:9)
  A worm (D:3)
  3 giant geckos
  22 orcs
  2 ball pythons (D:2)
  5 goblins
  4 hobgoblins
  7 jackals
  4 quokkas
  12 bats
  2 giant cockroaches
  2 giant newts
  A goblin skeleton (D:4)
  A goblin zombie (D:4)
  2 hobgoblin zombies (D:4)
  12 kobolds
  A kobold skeleton (D:4)
  An orc skeleton (D:4)
  An orc zombie (D:4)
  A quokka skeleton (D:5)
  2 rats
236 creatures vanquished.

Vanquished Creatures (collateral kills)
  An orc (D:12)
1 creature vanquished.

Vanquished Creatures (others)
  An adder (D:4)
  A jackal (D:4)
  A bush (D:11)
  5 fungi (D:11)
  9 plants (D:11)
17 creatures vanquished.

Grand Total: 254 creatures vanquished

Notes
Turn   | Place    | Note
--------------------------------------------------------------
     0 | D:1      | nht the Minotaur Hunter began the quest for the Orb.
     0 | D:1      | Reached XP level 1. HP: 18/18 MP: 0/0
   241 | D:1      | Reached XP level 2. HP: 25/25 MP: 1/1
   304 | D:1      | Reached skill level 5 in Crossbows
  1006 | D:2      | Reached XP level 3. HP: 30/30 MP: 2/2
  1046 | D:2      | Found a bloodstained altar of Trog.
  1470 | D:3      | Reached skill level 6 in Crossbows
  1633 | D:3      | Reached XP level 4. HP: 34/37 MP: 3/3
  1714 | D:3      | Noticed Sigmund
  1725 | D:3      | Killed Sigmund
  1725 | D:3      | Reached skill level 7 in Crossbows
  1725 | D:3      | Reached XP level 5. HP: 29/42 MP: 4/4
  2053 | D:3      | Reached skill level 8 in Crossbows
  2053 | D:3      | Reached XP level 6. HP: 50/50 MP: 5/5
  2267 | D:4      | Noticed Menkaure
  2269 | D:4      | Killed Menkaure
  2269 | D:4      | Reached skill level 9 in Crossbows
  2333 | D:4      | Noticed Eustachio
  2358 | D:4      | Killed Eustachio
  2358 | D:4      | Reached XP level 7. HP: 54/56 MP: 6/6
  2378 | D:4      | Found a glowing golden altar of the Shining One.
  2528 | D:4      | Noticed Pikel
  2567 | D:4      | Killed Pikel
  2567 | D:4      | Reached skill level 11 in Crossbows
  2567 | D:4      | Reached XP level 8. HP: 26/62 MP: 7/7
  3270 | D:4      | Found a staircase to the Ecumenical Temple.
  3279 | Temple   | Entered the Ecumenical Temple
  3287 | Temple   | Became a worshipper of Warmaster Okawaru
  3327 | D:4      | Reached skill level 12 in Crossbows
  3393 | D:5      | Entered Level 5 of the Dungeon
  3609 | D:5      | Found a white marble altar of Elyvilon.
  3820 | D:5      | Acquired Okawaru's first power
  3943 | D:5      | Reached skill level 13 in Crossbows
  3953 | D:5      | Reached XP level 9. HP: 68/68 MP: 8/8
  4840 | D:7      | Noticed Duvessa
  4844 | D:7      | Noticed Dowan
  4847 | D:7      | Killed Duvessa
  4968 | D:7      | Killed Dowan
  4968 | D:7      | Reached skill level 14 in Crossbows
  5067 | D:7      | Found an ancient bone altar of Kikubaaqudgha.
  5231 | D:7      | HP: 1/68 [killer bee (6)]
  5236 | D:7      | Reached skill level 15 in Crossbows
  5413 | D:7      | Noticed PeterLawrence's ghost (experienced MiFi)
  5425 | D:7      | Killed PeterLawrence's ghost
  5430 | D:7      | Reached XP level 10. HP: 40/74 MP: 9/9
  5466 | D:7      | Found Qumit's Magic Scroll Shop.
  5639 | D:7      | Found Oticuuq's Antique Weapon Shop.
  5647 | D:7      | Found a stormy altar of Qazlal.
  5731 | D:7      | Found Qirghonae's Antique Weapon Emporium.
  6820 | D:8      | Reached skill level 1 in Armour
  7942 | D:9      | Received a gift from Okawaru
  7942 | D:9      | Reached skill level 16 in Crossbows
  7972 | D:9      | Found a shimmering altar of Xom.
  7997 | D:9      | Found a burning altar of Makhleb.
  8169 | D:9      | Found a staircase to the Orcish Mines.
  8486 | D:10     | Entered Level 10 of the Dungeon
  8977 | D:10     | Noticed a skeletal warrior
  9044 | D:10     | Noticed a skeletal warrior
  9108 | D:10     | Noticed Harold
  9135 | D:11     | Noticed a cyan ugly thing
  9169 | D:12     | Found a labyrinth entrance.
  9170 | D:12     | Found a glowing silver altar of Zin.
  9172 | D:12     | Noticed a white ugly thing
  9177 | D:12     | Noticed a hill giant
  9178 | Lab      | Entered a labyrinth
  9684 | Lab      | Noticed a minotaur
  9692 | Lab      | Killed a minotaur
  9732 | Lab      | Identified a +6 rod of the swarm (13/13) (You found it in a labyrinth)
  9842 | Lab      | this gonna be rough
 10131 | D:11     | Reached skill level 1 in Maces & Flails
 10382 | D:11     | Reached XP level 11. HP: 39/85 MP: 10/10
 10798 | D:11     | Noticed a manticore
 10817 | D:11     | Killed a manticore
 10817 | D:11     | Reached skill level 5 in Maces & Flails
 11115 | D:10     | Noticed a skeletal warrior
 11117 | D:10     | Mangled by a skeletal warrior

Vault maps used:
D:1:      dpeg_arrival_rooms_c, grunt_decor_mini_mirrors
D:2:      lemuel_doored_altar, minmay_door_square
D:3:      first_bread, st_stairs_8, uniq_sigmund
D:4:      nicolae_tso_besieged_by_evil, temple_pool_b,
          kennysheep_generic_room_4, uniq_menkaure, uniq_pikel, uniq_eustachio
D:5:      elyvilon_altar_5, feat_on_display
D:7:      lemuel_crystal_altar, kennysheep_mini, serial_shops, shop,
          nicolae_shop_behind_doors, kennysheep_mini_moat, uniq_duvessa
D:9:      due_megacathedral, kennysheep_little_box, makhleb_heckhound_becter
D:10:     uniq_maud, uniq_harold
D:11:     minmay_lair_entry_grove, uniq_fannar
D:12:     basic_altar, lab_entry_generic, hangedman_ranch, spider_trap
Temple:   circular_temple_12
Lab:      labyrinth_mini_lab, nicolae_lab_stuck

Action                   |  1- 3 |  4- 6 |  7- 9 | 10-12 || total
-------------------------+-------+-------+-------+-------++-------
Melee: Flail             |       |       |    26 |       ||    26
       Short sword       |       |       |       |    66 ||    66
       Trident           |       |       |       |    56 ||    56
       Demon whip        |       |       |       |    77 ||    77
 Fire: Hand crossbow     |    81 |    73 |   290 |   167 ||   611
Invok: Heroism           |       |       |       |     6 ||     6
Evoke: Wand              |       |       |    16 |    17 ||    33
       Rod               |       |       |       |     2 ||     2
  Use: Potion            |       |     1 |    13 |     6 ||    20
       Scroll            |       |       |    12 |    14 ||    26
  Eat: Chunk             |     1 |     2 |     7 |    15 ||    25
       Beef jerky        |       |     1 |       |     1 ||     2
       Pizza             |       |       |     1 |     2 ||     3
